 Dungeon Crawl Stone Soup version 0.19-a0-854-gc78d25d (webtiles) character file.

802 Implojin the Cleaver (level 7, 0/85 HPs)
             Began as a Minotaur Fighter on July 1, 2016.
             Slain by a wight
             ... wielding a +0 spear
              (1 damage)
             ... on level 7 of the Dungeon.
             The game lasted 00:05:36 (811 turns).

Implojin the Cleaver (Minotaur Fighter)              Turns: 811, Time: 00:05:36

Health: 0/85       AC: 23    Str: 25    XL:     7   Next: 59%
Magic:  6/6        EV:  2    Int: 10    God:
Gold:   0          SH: 11    Dex: 22    Spells: 0 memorised, 6 levels left

rFire  . . .     SeeInvis .     g - +8 hand axe "Leqiung" {chop, Str+4 Dex+6}
rCold  . . .     Gourm    .     (armour currently unavailable)
rNeg   + + +     Faith    .     c - +0 shield
rPois  +         Spirit   .     (helmet currently unavailable)
rElec  .         Dismiss  .     (cloak currently unavailable)
rCorr  .         Reflect  .     (gloves currently unavailable)
SustAt .         Harm     .     (boots currently unavailable)
MR     .....     NoTele   +     (no amulet)
Stlth  +++.......               (no ring)
                                (no ring)

@: brilliant, agile, tree-form, not resistant to hostile enchantments, fairly
stealthy
A: (retaliatory headbutt), (horns 0)
a: no special abilities


You were on level 7 of the Dungeon.
You were not hungry.
You were a tree.
You visited 1 branch of the dungeon, and saw 8 of its levels.

Inventory:

Hand Weapons
 a - a +1 war axe
 g - the +8 hand axe "Leqiung" (weapon) {chop, Str+4 Dex+6}
   (You found it on level 6 of the Dungeon)

   It inflicts extra damage upon your enemies.
   It affects your strength (+4).
   It affects your dexterity (+6).
Armour
 b - a +0 scale mail
 c - a +0 shield (worn)
 k - a +0 chain mail (melded)
 m - a +2 large shield
Wands
 d - a wand of flame (13/48)
 j - a wand of slowing (31/48)
 l - a wand of heal wounds (3/9)
Potions
 i - a potion of lignification
Books
 n - a book of Dreams

   Spells                             Type                      Level
   a - Ensorcelled Hibernation        Hexes/Ice                    2
   b - Silence                        Hexes/Air                    5
   c - Darkness                       Hexes                        6
   d - Shadow Creatures               Summoning                    6
Comestibles
 f - a bread ration
 o - a meat ration


   Skills:
 - Level 3.6 Fighting
 * Level 10.4 Axes
 - Level 3.6 Armour
 - Level 3.6 Shields


You had 6 spell levels left.
You didn't know any spells.

Dungeon Overview and Level Annotations

Branches:
Dungeon (8/15)
 Temple: D:4-7         Lair: D:8-11

Altars:
Dithmenos


Innate Abilities, Weirdness & Mutations

((You reflexively headbutt those who attack you in melee.))
((You have a pair of horns on your head.))


Message History

A wight comes into view. It is wielding an enchanted battleaxe.
Unknown command.
Unknown command.
You hit the wight.
The wight is almost destroyed.
You hit the wight. The wight hits you but does no damage.
The wight hits you with a falchion.
* * * LOW HITPOINT WARNING * * *
The wight hits you but does no damage.
Unknown command.
It was a potion of agility.
You feel agile all of a sudden.
The orc warrior hits you from afar with a glaive!
* * * LOW HITPOINT WARNING * * *
The wight hits you but does no damage. x3
Unknown command.
You hit the wight.
You destroy the wight!
Your life force feels restored.
You hit the wight. You block the orc warrior's attack.
The wight hits you from afar with a spear.
* * * LOW HITPOINT WARNING * * *
The orc hits you but does no damage.
Unknown command.
Okay, then.
Okay, then.
It was a potion of brilliance.
You feel clever all of a sudden. You block the wight's attack.
The wight hits you but does no damage. You block the orc's attack.
You hit the wight.
The wight is severely damaged.
The orc warrior hits you from afar with a glaive.
* * * LOW HITPOINT WARNING * * *
The wight hits you but does no damage.
Unknown command.
You barely miss the wight.
The wight is severely damaged.
The wight hits you from afar with a spear.
You die...

....# #.#.# #.#
#########.#.########.#
####..).....(..(.....#
...†...............>##
####.###..........#.#
# #......(..<....#.##
########.##(.#.z.....#
+......(..<....#.#####
###........#...)♣)ooo#
#.............÷z#.##.#
#..........#<..o(.##.#
)##........#....####o#
.$...(.....#.......)o#
.##........#########..
..#........... +...
#.#.......#### #....
.######.## ###.##


You could see an orc warrior, 2 wights, an orc priest and 2 orcs.

Vanquished Creatures
  A black bear (D:6)
  3 centaurs
  2 scorpions
  4 wights (D:7)
  A crimson imp (D:7)
  A jelly (D:6)
  2 hounds
  Jessica (D:2)
  A worker ant (D:7)
  A howler monkey skeleton (D:7)
  An adder skeleton (D:7)
  2 dart slugs
  A giant gecko (D:1)
  5 orcs
  A ball python (D:5)
  A goblin (D:2)
  5 jackals
  A quokka (D:5)
  A kobold (D:1)
  2 quokka skeletons
  A quokka zombie (D:7)
  2 rats
40 creatures vanquished.

Notes
Turn   | Place    | Note
-------+----------+-------------------------------------------
     0 | D:1      | Implojin the Minotaur Fighter began the quest for the Orb.
     0 | D:1      | Reached XP level 1. HP: 19/19 MP: 0/0
    33 | D:1      | Reached skill level 3 in Axes
    56 | D:2      | Noticed Jessica
    62 | D:2      | Killed Jessica
    62 | D:2      | Reached skill level 4 in Axes
    62 | D:2      | Reached XP level 2. HP: 16/26 MP: 1/1
    62 | D:2      | Reached XP level 3. HP: 19/31 MP: 2/2
    75 | D:2      | Found a shadowy altar of Dithmenos.
   106 | D:5      | Entered Level 5 of the Dungeon
   152 | D:5      | Noticed a scorpion
   153 | D:5      | Noticed an ogre
   167 | D:4      | Killed a scorpion
   167 | D:4      | Reached skill level 5 in Axes
   167 | D:4      | Reached XP level 4. HP: 12/39 MP: 3/3
   359 | D:5      | Noticed a centaur
   361 | D:5      | Noticed a phantom
   369 | D:5      | Killed a centaur
   369 | D:5      | Reached skill level 6 in Axes
   369 | D:5      | Reached XP level 5. HP: 16/45 MP: 4/4
   394 | D:5      | Reached skill level 7 in Axes
   417 | D:6      | Noticed a black bear
   438 | D:6      | Killed a black bear
   438 | D:6      | Reached XP level 6. HP: 39/51 MP: 5/5
   500 | D:6      | Got an ancient hand axe
   506 | D:6      | Identified the +8 hand axe "Leqiung" {chop, Str+4 Dex+6} (You found it on level 6 of the Dungeon)
   519 | D:7      | Reached skill level 8 in Axes
   542 | D:7      | Reached skill level 9 in Axes
   561 | D:7      | Reached XP level 7. HP: 29/57 MP: 6/6
   787 | D:7      | Reached skill level 10 in Axes
   803 | D:7      | HP: 4/85 [orc warrior/glaive (17)]
   810 | D:7      | HP: 1/85 [orc warrior/glaive (4)]
   811 | D:7      | Slain by a wight

Vault maps used:
D:1:      sevenhm_arrival_forest_fort_small_3, minmay_misc_feat_nine_boxes
D:2:      nicolae_overflow_hidden_temple, serial_bayou, serial_bayou_pond_d,
          serial_bayou_pond_c, serial_bayou_shore_b, serial_bayou_lake_a,
          first_bread, grunt_decor_one_mirror, moated_statue, uniq_terence,
          uniq_jessica
D:3:      lemuel_castle_with_subvaults, lemuel_round_altar,
          nemelex_xobeh_ov_fountains_minmay, hangedman_feature_mirror
D:4:      kennysheep_generic_room_8
D:5:      minmay_misc_feat_tower
D:6:      corner_web_ring
D:7:      uniq_crazy_yiuf_cottage
D:8:      minmay_opposing_rooms, grunt_gozag_breadcrumbs, special_room,
          uniq_prince_ribbit1

Skill      XL: |  1  2  3  4  5  6  7 |
---------------+----------------------+-----
Axes           | 4 5 6 7 9 10 | 10.4
Fighting       | |  3.6
Armour         | |  3.6
Shields        | |  3.6

Action                   |  1- 3 |  4- 6 |  7- 9 || total
-------------------------+-------+-------+-------++-------
Melee: War axe           |    27 |    37 |       ||    64
       Headbutt          |     5 |    10 |     4 ||    19
       Hand axe          |       |    22 |    22 ||    44
Evoke: Wand              |       |     1 |       ||     1
  Use: Potion            |     2 |     1 |     4 ||     7
       Scroll            |     1 |     1 |     1 ||     3
Armor: Scale mail        |     6 |    13 |       ||    19
       Chain mail        |       |    25 |     9 ||    34
       Skin              |       |       |    10 ||    10
Dodge: Dodged            |    12 |    18 |     4 ||    34
Block: Shield            |    15 |    42 |    18 ||    75

Table legend:
 A = Turns spent in this place as a percentage of turns spent in the entire game.
 B = Non-inter-level travel turns spent in this place as a percentage of non-inter-level travel turns spent in the entire game.
 C = Inter-level travel turns spent in this place as a percentage of turns spent in this place.
 D = Turns resting spent in this place as a percentage of non-inter-level travel turns spent in this place.
 E = Turns spent auto-exploring this place as a percentage of non-inter-level travel turns spent in this place.
 F = Non-inter-level travel turns spent in this place divided by the number of levels of this place that you've seen.
                   A       B       C       D       E      F
               +-------+-------+-------+-------+-------+----------------------
         Total | 100.0 | 100.0 |   0.0 |   0.0 |   0.0 | 110.0
       Dungeon | 100.0 | 100.0 |   0.0 |   0.0 |   0.0 | 110.0
               +-------+-------+-------+-------+-------+----------------------

Table legend:
 A = Kills in this place as a percentage of kills in entire the game.
 B = Kills by you in this place as a percentage of kills by you in the entire game.
 C = Kills by friends in this place as a percentage of kills by friends in the entire game.
 D = Other kills in this place as a percentage of other kills in the entire game.
 E = Experience gained in this place as a percentage of experience gained in the entire game.
 F = Experience gained in this place divided by the number of levels of this place that you have seen.
                   A       B       C       D       E      F
               +-------+-------+-------+-------+-------+----------------------
         Total | 100.0 | 100.0 |  -nan |  -nan | 100.0 | 143.4
       Dungeon | 100.0 | 100.0 |  -nan |  -nan | 100.0 | 143.4
               +-------+-------+-------+-------+-------+----------------------
